 Dungeon Crawl Stone Soup version 0.32-a0-12-g7fc57aa741 (webtiles) character file.

Game seed: 18211728095503986187

11340 Pooter the Skirmisher (level 11, 0/99 HPs)
             Began as a Minotaur Berserker on Jan 15, 2024.
             Was a Priest of Trog.
             Engulfed by a cloud of acidic fog (22 damage)
             ... on level 10 of the Dungeon.
             The game lasted 00:47:42 (10505 turns).

Pooter the Skirmisher (Minotaur Berserker)         Turns: 10505, Time: 00:47:43

Health: 0/99       AC: 17    Str: 31    XL:     11   Next: 48%
Magic:  0/10       EV:  8    Int:  4    God:    Trog [***...]
Gold:   321        SH:  0    Dex: 11    Spells: 10/10 levels left

rFire   . . .        a - +5 war axe (freeze)
rCold   . . .        (no shield)
rNeg    . . .        d - +3 plate armour
rPois   .            (helmet restricted)
rElec   .            L - +0 cloak
rCorr   .            l - +0 pair of gloves
SInv    .            p - +0 pair of boots
Will    ++...        G - amulet of guardian spirit Stlth
                     v - +6 ring of strength
HPRegen 1.36/turn    (no ring)
MPRegen 0.12/turn

%: guardian spirit
@: strong-willed, on berserk cooldown, regenerating, slowed, very slow
A: horns 2, retaliatory headbutt
a: Renounce Religion, Berserk, Trog's Hand


You were on level 10 of the Dungeon.
You worshipped Trog.
Trog was most pleased with you.
You visited 1 branch of the dungeon, and saw 10 of its levels.

You collected 539 gold pieces.
You spent 218 gold pieces at shops.

Inventory:

Hand Weapons
 a - a +5 war axe of freezing (weapon)
   (You took it off a wight on level 8 of the Dungeon)
 b - a +2 sling of freezing
   (You found it on level 1 of the Dungeon)
 m - a +0 morningstar
   (You took it off a wight on level 8 of the Dungeon)
 r - a +0 war axe
   (You found it on level 4 of the Dungeon)
 D - a +0 trident
   (You took it off an orc on level 6 of the Dungeon)
 K - the +1 mace of Courage {elec, rC+ rN+ Stlth+}
   (You found it on level 4 of the Dungeon)

   rC+:       It protects you from cold.
   rN+:       It protects you from negative energy.
   Stlth+:    It makes you more stealthy.
Missiles
 h - 45 poisoned darts (quivered)
 x - 2 throwing nets {!f}
 H - 2 boomerangs
 I - a curare-tipped dart
 Q - 92 stones
Armour
 d - a +3 plate armour (worn)
   (You found it on level 1 of the Dungeon)
 i - a scarf of shadows
   (You found it on level 10 of the Dungeon)
 l - a +0 pair of gloves (worn)
   (You found it on level 3 of the Dungeon)
 p - a +0 pair of boots (worn)
   (You found it on level 4 of the Dungeon)
 A - a +2 ring mail of poison resistance
   (You found it on level 7 of the Dungeon)
 L - a +0 cloak (worn)
   (You found it on level 8 of the Dungeon)
 N - a +1 chain mail of cold resistance
   (You found it on level 9 of the Dungeon)
Jewellery
 v - a +6 ring of strength (left hand)
   (You found it on level 4 of the Dungeon)
 y - a ring of fire
   (You found it on level 5 of the Dungeon)
 B - a ring of ice
   (You found it on level 6 of the Dungeon)
 G - an amulet of guardian spirit (around neck)
   (You found it on level 3 of the Dungeon)
 J - an amulet of the acrobat
   (You found it on level 9 of the Dungeon)
Wands
 f - a wand of flame (24)
   (You found it on level 7 of the Dungeon)
 k - a wand of light (3)
   (You found it on level 3 of the Dungeon)
 u - a wand of paralysis (10)
   (You found it on level 4 of the Dungeon)
 F - a wand of roots (7)
   (You found it on level 6 of the Dungeon)
Scrolls
 j - a scroll of summoning
 n - a scroll of fog
 q - 2 scrolls of fear
 s - a scroll of vulnerability {!r}
 t - 4 scrolls of teleportation {@r4}
 w - 3 scrolls of noise {!r}
 z - 2 scrolls of poison {!r}
Potions
 c - 9 potions of curing {@q1}
 e - 2 potions of heal wounds {@q2}
 g - a potion of mutation {unknown}
 o - a potion of ambrosia {unknown}
 C - a potion of haste {unknown}
 E - 4 potions of enlightenment
 M - a potion of brilliance {unknown}
 O - a potion of resistance


   Skills:
 + Level 9.6 Fighting
 * Level 12.2(13.4) Axes
 - Level 9.0(11.8) Maces & Flails
 * Level 12.2 Ranged Weapons
 - Level 2.4 Armour
 - Level 2.1 Dodging
 - Level 0.1 Stealth
 + Level 0.9 Evocations


You had 10 spell levels left.
You didn't know any spells.
Your spell library was empty.

Dungeon Overview and Level Annotations

Branches:
Dungeon (10/15) Zot: 25429  Temple (0/1) D:6            Lair (0/5) D:9
    Orc (0/2) D:9

Altars:
Gozag
Okawaru
Sif Muna
Xom
Zin
The Shining One

Shops:
D:2 =   D:3 ?   D:5 ?   D:7 (   D:9 (

Annotations:
D:10 1 transporter


Innate Abilities, Weirdness & Mutations

You have a pair of horns on your head.
You reflexively headbutt those who attack you in melee.


Message History

a - a +5 war axe of freezing (weapon)
Your skin crawls.
You feel strong-willed.
You enter the transporter and appear at another place.
The jelly hits you but does no damage. The acid dragon spits acid at you.
The splash of acid hits you!
A red film seems to cover your vision as you go berserk!
You feel yourself moving faster!
You feel mighty! The jelly hits you.
You are splashed with acid!
The jelly barely misses you.
You slice the jelly!! You freeze the jelly.
You kill the jelly!
Trog accepts your kill.
You slash the jelly! You freeze the jelly.
Your hands burn!
You slice the acid dragon!! You freeze the acid dragon.
You kill the acid dragon!
Trog accepts your kill.
You slice the jelly!! You freeze the jelly.
You kill the jelly!
Trog accepts your kill.
The acid dragon roars!
You see here a potion of resistance.
O - a potion of resistance You feel a strong urge to attack something.
You barely miss the acid dragon. Your headbutt misses the acid dragon.
You hit the acid dragon but do no damage.
Your headbutt misses the acid dragon.
The acid dragon bites you but does no damage.
The acid dragon barely misses you.
You slice the acid dragon!! You freeze the acid dragon.
You kill the acid dragon!
Trog accepts your kill.
You start resting.
You feel a strong urge to attack something.
You are no longer berserk.
You are exhausted.
You feel yourself slow down.
An acid dragon is nearby!
An acid dragon is nearby!
The acid dragon spits acid at you. The splash of acid hits you!
You are engulfed in acidic fog.
* * * LOW MAGIC WARNING * * *
Ouch! That really hurt!
* * * LOW HITPOINT WARNING * * *
The acid dragon bites you but does no damage.
The acid dragon barely misses you. The acid dragon closely misses you. x2
You barely miss the acid dragon.
You are engulfed in acidic fog.
* * * LOW MAGIC WARNING * * *
You die...

..##+#####.# #.........#.####.#
##.........# #####)...#######.#
#.........# #....# #....'
#.........# #....# #....#
##.........# #######.#########
.........########○○☼☼☼#......#..#
.........#☼○○°☼○#.○○○☼#......#...
.........#°○☼○°☼#D☼○○°#......'...
.........#..#.#.@☼°○$$#......####
........©#°☼©..†+○○°)©#©.........
.........#○○#.#..○○○[)#..........
..########.○°°°○#○°°○○#.#........
..# #○°.○°☼#°○☼°○#.#........ ..#
########°☼○○○#.'........ ..#
###########........ ..#
#....#....#......## ..#
#....#....#......#


You could see an acid dragon.

Vanquished Creatures
  4 two-headed ogres
  A deep elf pyromancer (D:10)
  An elephant (D:8)
  Psyche (D:8)
  3 trolls
  A hornet (D:8)
  Grinder (D:5)
  2 basilisks (D:8)
  2 wyverns (D:8)
  18 yaks
  4 vampire mosquitoes (D:10)
  2 acid dragons (D:10)
  2 water moccasins (D:9)
  2 sky beasts (D:6)
  2 orc warriors
  2 ogres (D:5)
  A centaur (D:8)
  A phantom (D:6)
  3 kobold brigands
  3 bullfrogs
  2 scorpions (D:5)
  6 wights
  9 killer bees (D:10)
  2 howler monkeys (D:7)
  5 jellies
  2 hounds
  2 orc priests
  A gnoll bouda (D:4)
  2 iguanas (D:5)
  7 orc wizards
  12 gnolls
  14 adders
  A white imp (D:6)
  4 dart slugs
  22 orcs
  3 bats
  8 endoplasms
  9 giant cockroaches
  4 goblins
  6 hobgoblins
  4 jackals (D:5)
  20 kobolds
  4 quokkas
  5 ball pythons
  4 frilled lizards
  10 rats
224 creatures vanquished.

Notes
Turn   | Place    | Note
-------+----------+-------------------------------------------
     0 | D:1      | Pooter the Minotaur Berserker began the quest for the Orb.
     0 | D:1      | Reached XP level 1. HP: 19/19 MP: 0/0
   223 | D:1      | Reached skill level 1 in Ranged Weapons
   233 | D:1      | Reached XP level 2. HP: 26/26 MP: 1/1
   560 | D:1      | Reached XP level 3. HP: 31/31 MP: 2/2
   784 | D:1      | Reached ** piety under Trog
   907 | D:2      | You fall into a shaft and drop 1 floor!
   916 | D:2      | Found Soeges's Jewellery Shoppe.
  1170 | D:2      | Reached XP level 4. HP: 39/39 MP: 3/3
  1414 | D:2      | Reached skill level 5 in Axes
  1917 | D:3      | Found a shimmering altar of Xom.
  2046 | D:3      | Found a faded altar of an unknown god.
  2118 | D:3      | Reached XP level 5. HP: 45/45 MP: 4/4
  2179 | D:3      | Found Udumat's Magic Scroll Boutique.
  2182 | D:3      | Bought a scroll of enchant weapon for 82 gold pieces
  2182 | D:3      | Bought a scroll of fog for 44 gold pieces
  2801 | D:4      | Identified the +1 mace of Courage {elec, rC+ rN+ Stlth+}
  2911 | D:3      | Bought a scroll of fear for 44 gold pieces
  3003 | D:4      | Found an opulent altar of Gozag.
  3050 | D:4      | Reached *** piety under Trog
  3077 | D:4      | Reached skill level 1 in Maces & Flails
  3284 | D:4      | Reached XP level 6. HP: 52/52 MP: 5/5
  3619 | D:5      | Entered Level 5 of the Dungeon
  3821 | D:5      | Reached skill level 5 in Ranged Weapons
  3821 | D:5      | Reached XP level 7. HP: 36/60 MP: 3/6
  4136 | D:5      | Noticed Grinder
  4169 | D:5      | Killed Grinder
  4170 | D:5      | Reached skill level 5 in Fighting
  4390 | D:5      | Found Yroelyum's Magic Scroll Boutique.
  4398 | D:5      | Bought a scroll of poison for 48 gold pieces
  4619 | D:6      | Found a staircase to the Ecumenical Temple.
  4635 | D:6      | Reached skill level 5 in Maces & Flails
  4644 | D:6      | Reached XP level 8. HP: 42/68 MP: 7/7
  4813 | D:6      | Found an iron altar of Okawaru.
  4852 | D:6      | Found a shimmering blue altar of Sif Muna.
  5043 | D:6      | Reached **** piety under Trog
  5605 | D:7      | Found Giciu's Antique Weapon Boutique.
  5865 | D:7      | Reached XP level 9. HP: 75/75 MP: 6/8
  6003 | D:7      | Found a glowing silver altar of Zin.
  7050 | D:8      | Noticed Psyche
  7057 | D:8      | Killed Psyche
  7721 | D:9      | Noticed an elephant
  7726 | D:9      | Noticed a troll
  7745 | D:8      | Killed an elephant
  7746 | D:8      | Reached XP level 10. HP: 86/86 MP: 6/9
  7810 | D:8      | Reached skill level 10 in Ranged Weapons
  8203 | D:9      | Found a staircase to the Lair.
  8204 | D:9      | Found a staircase to the Orcish Mines.
  8277 | D:9      | Reached skill level 10 in Axes
  8323 | D:9      | Noticed a two-headed ogre
  8333 | D:9      | Killed a two-headed ogre
  8462 | D:9      | Identified the +3 leather armour "Duc Igahui" {Int+5}
  8637 | D:9      | Found Kyutiatyi's Antique Weapon Shoppe.
  8935 | D:10     | Entered Level 10 of the Dungeon
  8988 | D:10     | Noticed a two-headed ogre
  8997 | D:10     | Killed a two-headed ogre
  8998 | D:10     | Reached XP level 11. HP: 95/95 MP: 8/10
  9047 | D:10     | Noticed a deep elf pyromancer
  9192 | D:10     | Killed a deep elf pyromancer
  9485 | D:10     | Found a transporter.
  9735 | D:10     | Noticed a two-headed ogre
  9742 | D:10     | Killed a two-headed ogre
  9940 | D:10     | Found a glowing golden altar of the Shining One.
 10158 | D:10     | Noticed a two-headed ogre
 10165 | D:10     | Killed a two-headed ogre
 10291 | D:10     | Found a transporter.
 10505 | D:10     | Engulfed by a cloud of acidic fog

Illustrated notes

Levels and vault maps discovered:
D:1:      dpeg_arrival_oval, layout_loops_ring, hangedman_decor_points,
          kennysheep_pointless_box
D:2:      layout_basic, serial_shops, nicolae_shop_gaudy_bauble
D:3:      layout_basic, xom_butterflies, serial_shops, nicolae_shop_rolled_up,
          shapermc_ecumenical_altar_starsandcircs, grunt_ministairs_7
D:4:      layout_basic, nicolae_overflow_hidden_temple
D:5:      layout_loops_ring, serial_shops, nicolae_shop_tiny_waterfront,
          reono_crystal_passage, uniq_grinder
D:6:      layout_rooms, mainiacjoe_overflow_catch_the_wave,
          minmay_temple_entry_waves
D:7:      layout_cave_pods, zin_academy, nicolae_stop_n_shop_2
D:8:      layout_basic, uniq_psyche
D:9:      layout_basic, david_lair_generic, orc_0_dummy, serial_shops,
          nicolae_shop_stone
D:10:     gammafunk_cloud_chamber, layout_gridville, overflow_temple_1_default,
          billiards_dpeg

Skill      XL: |  1  2  3  4  5  6  7  8  9 10 11 |
---------------+----------------------------------+-----
Axes           | 4 5 6 7 9 11 12 | 12.2
Ranged Weapons | 1 2 3 4 5 6 7 9 11 12 | 12.2
Maces & Flails | 2 3 5 7 9 |  9.0
Fighting       | 4 5 6 7 8 9 |  9.6
Armour         | |  2.4
Dodging        | |  2.1
Stealth        | |  0.1
Evocations     | |  0.9

Action                     |  1- 3 |  4- 6 |  7- 9 | 10-12 || total
---------------------------+-------+-------+-------+-------++-------
  Melee: Hand axe          |    33 |    41 |       |       ||    74
         Headbutt          |     3 |     9 |    24 |    22 ||    58
         Mace              |       |    41 |   157 |       ||   198
         Punch             |       |       |     1 |     1 ||     2
         War axe           |       |       |    15 |   115 ||   130
   Fire: Sling             |    66 |    65 |    80 |    29 ||   240
  Throw: Dart              |       |       |     1 |     9 ||    10
         Boomerang         |       |       |     1 |     2 ||     3
 Invoke: Berserk           |     2 |     3 |     6 |     5 ||    16
         Trog's Hand       |       |       |     8 |     8 ||    16
  Evoke: Wand              |       |     1 |    12 |     2 ||    15
    Use: Scroll            |       |     6 |     5 |     5 ||    16
   Stab: Invisible         |       |     1 |     1 |       ||     2
         Paralysed         |       |       |     3 |     2 ||     5
 Armour: Plate armour      |    40 |    67 |   169 |   141 ||   417
  Dodge: Dodged            |    34 |    37 |    71 |    69 ||   211

Table legend: (Time is in decaauts)
 A = Elapsed time spent in this place.
 B = Non-inter-level travel time spent in this place.
 C = Inter-level travel time spent in this place.
 D = Time resting spent in this place.
 E = Time spent auto-exploring this place.
 F = Levels seen in this place.
 G = Mean time per level.
                   A        B        C        D        E       F      G
               +--------+--------+--------+--------+--------+-----+--------+
         Total |  10723 |  10421 |    302 |   2608 |   6105 |  10 | 1072.3 |
       Dungeon |  10723 |  10421 |    302 |   2608 |   6105 |  10 | 1072.3 |
               +--------+--------+--------+--------+--------+-----+--------+

Top non-repeatable levels by time:
     D:8: 1481 daAuts
    D:10: 1456 daAuts
     D:4: 1250 daAuts
     D:6: 1152 daAuts
     D:9: 1101 daAuts
     D:2: 919 daAuts
     D:7: 905 daAuts
     D:5: 872 daAuts
     D:1: 825 daAuts
     D:3: 759 daAuts
